 Dungeon Crawl Stone Soup version 0.18-a0-1730-g73f0523 (webtiles) character file.

41 M4edhros the Sneak (level 3, -2/23 HPs)
             Began as an Octopode Artificer on Apr 10, 2016.
             Slain by braks's ghost (25 damage)
             ... on level 3 of the Dungeon.
             The game lasted 00:01:40 (1120 turns).

M4edhros the Sneak (Octopode Artificer)             Turns: 1120, Time: 00:01:41

Health: -2/23      AC:  1    Str:  8 (10) XL:     3   Next: 52%
Magic:  5/5        EV: 12    Int: 13 (14) God:
Gold:   12         SH:  0    Dex: 11 (13) Spells: 0 memorised, 2 levels left

rFire  . . .     SeeInvis .     a - +0 short sword
rCold  . . .     Gourm    .     (no shield)
rNeg   . . .     Faith    .     (helmet restricted)
rPois  .         Spirit   .     (no amulet)
rElec  .         Dismiss  .     (no ring)
rCorr  .         Reflect  .     (no ring)
SustAt .         Harm     .     (no ring)
MR     .....                    (no ring)
Stlth  ++++......               (no ring)
                                (no ring)
                                (no ring)
                                (no ring)

@: not resistant to hostile enchantments, stealthy
A: almost no armour, amphibious, 8 rings, constrict 8, camouflage 1, gelatinous
body 1
a: no special abilities


You were on level 3 of the Dungeon.
You were hungry.

You visited 1 branch of the dungeon, and saw 3 of its levels.

You collected 12 gold pieces.

Inventory:

Hand Weapons
 a - a +0 short sword (weapon)
Missiles
 e - 3 stones (quivered)
Jewellery
 h - an uncursed ring of stealth {unknown}
Wands
 b - a wand of flame (15/48)
 c - a wand of enslavement (14/24)
 d - a wand of random effects (15/48)
Scrolls
 i - 2 scrolls of teleportation {unknown}
 k - a scroll of enchant weapon {unknown}
 l - a scroll of identify {unknown}
Comestibles
 f - 2 bread rations
 g - a royal jelly


   Skills:
 - Level 1.0 Fighting
 - Level 1.0 Short Blades
 - Level 2.0 Dodging
 + Level 4.8 Stealth
 - Level 3.2 Evocations


You had 2 spell levels left.
You didn't know any spells.

Dungeon Overview and Level Annotations

Branches:
Dungeon (3/15)

Altars:

Annotations:
D:1 1 exclusion
D:3 braks's ghost, amateur OgEn


Innate Abilities, Weirdness & Mutations

You cannot wear most types of armour.
You are amphibious.
You can wear up to eight rings at the same time.
You can use your tentacles to constrict eight enemies at once.
Your skin changes colour to match your surroundings (Stealth).
Your rubbery body absorbs attacks (AC +1).


Message History

There is a stone staircase leading up here.
You climb upwards.
You feel sick.
There is a stone staircase leading down here.
You start resting.
You feel sick. x4
You are no longer poisoned.
You start resting.
You are feeling hungry.
You start resting.
HP restored.
You climb downwards.
Level annotation: braks's ghost, amateur OgEn Braks's ghost barely misses you.
There is a stone staircase leading up here.
Unknown command.
You hit braks's ghost.
Braks's ghost is lightly damaged.
Braks's ghost hits you!!
Ouch! That really hurt!
You die...

#.##.# #.##.#
#.##W########
#.##.........
#.##.########
#.#####.##.#
#........W.#
...#######.####
#.....@W..#
###########


You could see braks's ghost.

Vanquished Creatures
  2 adders (D:2)
  A dart slug (D:1)
  A bat (D:1)
  2 giant cockroaches (D:2)
  A goblin (D:1)
  2 hobgoblins (D:1)
  A kobold (D:2)
  2 giant newts
  8 rats
20 creatures vanquished.

Vanquished Creatures (collateral kills)
  A goblin (D:3)
1 creature vanquished.

Vanquished Creatures (others)
  An adder (D:3)
1 creature vanquished.

Grand Total: 22 creatures vanquished

Notes
Turn   | Place    | Note
--------------------------------------------------------------
     0 | D:1      | M4edhros the Octopode Artificer began the quest for the Orb.
     0 | D:1      | Reached XP level 1. HP: 13/13 MP: 3/3
    26 | D:1      | Reached skill level 2 in Stealth
    81 | D:1      | Reached XP level 2. HP: 10/18 MP: 4/4
    85 | D:1      | Reached skill level 3 in Stealth
   602 | D:2      | Reached skill level 4 in Stealth
   602 | D:2      | Reached XP level 3. HP: 15/23 MP: 5/5
   859 | D:3      | Noticed braks's ghost (amateur OgEn)
  1120 | D:3      | Slain by braks's ghost

Vault maps used:
D:1:      erik_arrival_orb_chamber, st_stairs_11
D:2:      lemuel_crystal_altar, first_bread
D:3:      cheibriados_altar_1, makhleb_heckhound_becter, minmay_cupped

Skill      XL: |  1  2 |
---------------+-------+-----
Stealth        | 2 4 |  4.8
Fighting       | |  1.0
Short Blades   | |  1.0
Dodging        | |  2.0
Evocations     | |  3.2

Action                   || total
-------------------------++-------
Melee: Short sword       ||    53
Evoke: Wand              ||     1
  Use: Potion            ||     2
 Stab: Sleeping          ||     1
